 Dungeon Crawl Stone Soup version 0.20-a0 (console) character file.

12587 brucemayne the Severer (level 11, -10/121 HPs)
             Began as a Demonspawn Berserker on Oct 27, 2016.
             Was a High Priest of Trog.
             Killed from afar by an efreet (22 damage)
             ... with a bolt of fire
             ... in a volcano.
             The game lasted 00:25:50 (4353 turns).

brucemayne the Severer (Demonspawn Berserker)       Turns: 4353, Time: 00:25:50

Health: -10/121    AC: 18    Str: 26    XL:     11   Next: 64%
Magic:  0/11       EV:  8    Int:  9    God:    Trog [*****.]
Gold:   636        SH:  0    Dex: 12    Spells: 0 memorised, 10 levels left

rFire  . . .     SeeInvis .     K - +5 battleaxe (freeze)
rCold  . . .     Gourm    .     E - +0 plate armour
rNeg   . . .     Faith    .     (shield currently unavailable)
rPois  .         Spirit   +     (helmet restricted)
rElec  .         Reflect  .     (no cloak)
rCorr  .         Harm     .     (no gloves)
MR     ++...                    n - +1 pair of boots
Stlth  ..........               (no amulet)
                                (no ring)
                                N - ring of wizardry

@: berserking, very slightly contaminated, regenerating, very quick
A: horns 2, iridescent scales 2, powered by death 2, magic shield
a: Berserk, Trog's Hand, Brothers in Arms, Burn Spellbooks, Renounce Religion


You were in a volcano.
You worshipped Trog.
Trog was extremely pleased with you.
You were near starving.

You visited 2 branches of the dungeon, and saw 14 of its levels.
You also visited: Ossuary and Volcano.

You collected 701 gold pieces.
You spent 65 gold pieces at shops.

Inventory:

Hand Weapons
 u - a cursed +2 flail of freezing
 v - a +0 war axe
 H - a +0 mace of holy wrath
 K - a +5 battleaxe of freezing (weapon)
 O - a +0 scimitar of flaming
 R - a +4 battleaxe of freezing
 S - a +0 blowgun
Missiles
 a - 7 javelins (quivered)
 l - 35 poisoned needles
 o - 5 poisoned javelins
Armour
 n - a +1 pair of boots (worn)
 t - a +0 shield
 E - a +0 plate armour (worn)
 G - a +3 ring mail
Magical Staves
 T - an uncursed staff of air {unknown}
Jewellery
 s - an uncursed amulet of harm
 I - an uncursed amulet of the gourmand
 N - a ring of wizardry (left hand)
Wands
 y - a wand of lightning (9/15)
 V - a wand of polymorph (6/24)
Scrolls
 b - 2 scrolls of random uselessness {unknown}
 f - 2 scrolls of remove curse
 m - a scroll of identify
 q - 4 scrolls of fear
 z - a scroll of enchant armour
 A - 2 scrolls of recharging {unknown}
 B - 2 scrolls of immolation
 C - a scroll of amnesia {unknown}
 D - a scroll of fog {unknown}
 P - a scroll of holy word {unknown}
 Q - a scroll of brand weapon {unknown}
 U - 2 scrolls of teleportation
Potions
 d - 3 potions of haste
 e - a potion of flight
 h - 2 potions of invisibility
 i - 4 potions of curing
 j - 2 potions of heal wounds
 k - a potion of magic
 p - a potion of brilliance
 r - 2 potions of cure mutation {unknown}
 w - 2 potions of mutation {unknown}
 x - 2 potions of degeneration {unknown}
 J - a potion of ambrosia {unknown}
 L - 2 potions of lignification {unknown}
Miscellaneous
 F - a phial of floods
 Y - a sack of spiders
Comestibles
 c - 3 bread rations
 M - 2 meat rations
 Z - a royal jelly


   Skills:
 - Level 5.8 Fighting
 + Level 15.3 Axes
 - Level 4.8 Armour
 - Level 1.7 Dodging


You had 10 spell levels left.
You didn't know any spells.

Dungeon Overview and Level Annotations

Branches:
Dungeon (13/15)               Orc (1/2) D:12
 Temple: D:4-7         Lair: D:8-11      Vaults: D:13-14

Altars:
Cheibriados
Elyvilon
Fedhas
Nemelex Xobeh
Okawaru
Qazlal
Vehumet
Xom
The Shining One

Shops:
D:4 !   D:10 [[:   D:12 }%%(

Annotations:
D:7 exclusion: downstairs


Innate Abilities, Weirdness & Mutations

You have a pair of horns on your head.
You are mostly covered in iridescent scales. (AC +4)
You regenerate health from kills.
When hurt, damage is shared between your health and your magic reserves.


Message History

You headbutt the fire elemental.
The fire elemental is severely damaged.
The fire elemental hits you. The fire elemental burns you!
The fire elemental hits you. The fire elemental burns you!
Unknown command.
A red film seems to cover your vision as you go berserk!
You feel yourself moving faster!
You feel mighty!
You are near starving!
The efreet gestures at you.
The bolt of fire misses the fire elemental.
The bolt of fire hits you!
* * * LOW HITPOINT WARNING * * *
The fire elemental hits you. The fire elemental burns you!
* * * LOW HITPOINT WARNING * * *
You slice the fire elemental!! You freeze the fire elemental!
You destroy the fire elemental!
Trog accepts your kill. The efreet gestures at you. The bolt of fire hits you!
You die...

#####
#...#
##8_8##
..... .R.
###)###
#..@..#
#..∩..#
#.....#
##...##
##+## #.#
. ##.##
.. #8.8#
...##...#


You could see an efreet.

Vanquished Creatures
  Erica (D:9)
  Urug (D:11)
  A hill giant (D:10)
  An orc knight (Orc:1)
  2 ugly things
  A cyclops (D:11)
  Joseph (D:8)
  2 gargoyles
  A kobold demonologist (D:12)
  3 trolls
  2 hippogriffs
  7 fire bats (Volcano)
  2 fire elementals (Volcano)
  9 yaks
  A hungry ghost (D:7)
  A warg (Orc:1)
  A water moccasin (D:8)
  7 orc warriors
  A black bear (D:12)
  An ice beast (D:12)
  A necrophage (D:7)
  4 ogres
  2 centaurs
  2 big kobolds
  5 bullfrogs
  A wyvern skeleton (D:12)
  2 scorpions
  5 killer bees (D:11)
  13 wights
  A howler monkey (D:4)
  7 lava snakes (Volcano)
  3 crimson imps
  2 quasits
  5 orc priests
  6 hounds
  A centaur skeleton (D:10)
  7 orc wizards
  2 jellies
  Terence (D:2)
  4 worker ants
  A killer bee zombie (D:7)
  A hound zombie (D:11)
  A hound skeleton (D:6)
  A howler monkey zombie (D:9)
  3 mummies (Ossuary)
  9 adders
  A howler monkey skeleton (D:4)
  6 adder zombies (Ossuary)
  3 adder skeletons
  A worm (D:4)
  3 leopard geckos
  36 orcs
  2 giant cockroaches
  2 goblins (D:1)
  5 hobgoblins
  10 kobolds
  7 quokkas
  6 bats
  3 frilled lizards
  A gnoll zombie (Ossuary)
  A goblin zombie (Ossuary)
  4 hobgoblin zombies (Ossuary)
  A kobold zombie (Ossuary)
  A quokka zombie (Ossuary)
  3 rats (D:2)
  4 rat zombies (Ossuary)
236 creatures vanquished.

Notes
Turn   | Place    | Note
-------+----------+-------------------------------------------
     0 | D:1      | brucemayne the Demonspawn Berserker began the quest for the Orb.
     0 | D:1      | Reached XP level 1. HP: 18/18 MP: 1/1
    99 | D:1      | Reached skill level 3 in Axes
   143 | D:2      | Found a stormy altar of Qazlal.
   145 | D:2      | Found a blossoming altar of Fedhas.
   186 | D:1      | Gained mutation: You have a pair of small horns on your head. [demonic ancestry]
   186 | D:1      | Reached XP level 2. HP: 7/24 MP: 2/2
   321 | D:2      | Found a glowing golden altar of the Shining One.
   366 | D:2      | Gained mutation: You regenerate a little health from kills. [demonic ancestry]
   366 | D:2      | Reached XP level 3. HP: 11/29 MP: 3/3
   369 | D:2      | Reached skill level 4 in Axes
   401 | D:2      | Reached ** piety under Trog
   465 | D:2      | Found a shimmering altar of Xom.
   467 | D:2      | Found a radiant altar of Vehumet.
   468 | D:2      | Found an iron altar of Okawaru.
   468 | D:2      | Found a snail-covered altar of Cheibriados.
   468 | D:2      | Noticed Terence
   479 | D:2      | Killed Terence
   479 | D:2      | Gained mutation: You regenerate health from kills. [demonic ancestry]
   479 | D:2      | Reached XP level 4. HP: 32/35 MP: 4/4
   539 | D:3      | Reached skill level 5 in Axes
   642 | D:4      | Gained mutation: You have a pair of horns on your head. [demonic ancestry]
   642 | D:4      | Reached XP level 5. HP: 35/41 MP: 5/5
   821 | D:4      | Reached skill level 6 in Axes
   840 | D:4      | Reached XP level 6. HP: 40/47 MP: 6/6
   853 | D:4      | Found Uqug's Distillery.
   857 | D:4      | Bought a potion of heal wounds for 65 gold pieces
   899 | D:5      | Entered Level 5 of the Dungeon
   914 | D:4      | Found a white marble altar of Elyvilon.
   978 | D:4      | Found a sand-covered staircase.
   984 | Ossuary  | Entered an ossuary
  1049 | Ossuary  | Reached *** piety under Trog
  1164 | D:4      | Found a sparkling altar of Nemelex Xobeh.
  1428 | D:6      | Noticed an orc warrior
  1441 | D:6      | Reached skill level 7 in Axes
  1447 | D:6      | Killed an orc warrior
  1447 | D:6      | Gained mutation: When hurt, damage is shared between your health and your magic reserves. [demonic ancestry]
  1447 | D:6      | Reached XP level 7. HP: 52/52 MP: 7/7
  1547 | D:7      | Reached skill level 8 in Axes
  1617 | D:8      | Reached skill level 9 in Axes
  1617 | D:8      | Gained mutation: You are partially covered in iridescent scales. (AC +2) [demonic ancestry]
  1617 | D:8      | Reached XP level 8. HP: 58/58 MP: 8/8
  1620 | D:8      | Noticed a two-headed ogre
  1621 | D:8      | Noticed Joseph
  1705 | D:6      | Found a radiant altar of Vehumet.
  1712 | D:6      | Reached skill level 10 in Axes
  1713 | D:6      | Reached **** piety under Trog
  2258 | D:9      | Reached skill level 11 in Axes
  2258 | D:9      | Reached XP level 9. HP: 29/63 MP: 3/9
  2387 | D:10     | Entered Level 10 of the Dungeon
  2445 | D:10     | Found Ingurchum's Antique Armour Shop.
  2474 | D:10     | Noticed a hill giant
  2481 | D:10     | Killed a hill giant
  2510 | D:10     | Found Buizudiw's Book Shoppe.
  2524 | D:10     | Noticed a gargoyle
  2528 | D:10     | Reached skill level 5 in Fighting
  2528 | D:10     | Reached skill level 12 in Axes
  2532 | D:10     | Killed a gargoyle
  2565 | D:10     | Noticed a troll
  2580 | D:10     | Killed a troll
  2742 | D:10     | Found Moup's Antique Armour Shop.
  2777 | D:10     | Gained mutation: You are mostly covered in iridescent scales. (AC +4) [demonic ancestry]
  2777 | D:10     | Reached XP level 10. HP: 62/76 MP: 10/10
  2805 | D:9      | Noticed Erica
  2819 | D:9      | Killed Erica
  2921 | D:8      | Killed Joseph
  3227 | D:11     | Noticed a cyclops
  3264 | D:11     | Killed a cyclops
  3355 | D:11     | Reached skill level 13 in Axes
  3432 | D:11     | Noticed Urug
  3450 | D:11     | Killed Urug
  3482 | D:11     | Noticed a white ugly thing
  3496 | D:11     | Killed a white ugly thing
  3550 | D:12     | Noticed a red ugly thing
  3559 | D:12     | Reached XP level 11. HP: 81/81 MP: 11/11
  3561 | D:12     | Killed a red ugly thing
  3561 | D:12     | Reached skill level 14 in Axes
  3616 | D:11     | Reached ***** piety under Trog
  3648 | D:12     | Noticed a soul eater
  3671 | D:12     | Found Zocraos's Weapon Shoppe.
  3671 | D:12     | Found Geqypha's Food Shoppe.
  3673 | D:12     | Found Nigux's Food Shoppe.
  3673 | D:12     | Found Jaanuixa's Gadget Shoppe.
  3849 | D:12     | Received a gift from Trog
  4079 | D:12     | Found a staircase to the Orcish Mines.
  4096 | Orc:1    | Entered Level 1 of the Orcish Mines
  4098 | Orc:1    | Noticed an orc knight
  4112 | Orc:1    | Killed an orc knight
  4142 | Orc:1    | Found a dark tunnel.
  4202 | Volcano  | Entered a volcano
  4260 | Volcano  | Reached skill level 15 in Axes
  4341 | Volcano  | Found a radiant altar of Vehumet.
  4353 | Volcano  | Killed from afar by an efreet

Vault maps used:
D:1:      dpeg_arrival_leaves_temple_mockup, minmay_quantized
D:2:      grunt_temple_overflow_forces_of_nature, grunt_temple_overflow_open,
          uniq_terence
D:3:      kennysheep_ying_yang, kiku_gazebo_garden_becter, first_bread
D:4:      minmay_wonky_spiral, nicolae_overflow_hidden_temple,
          grunt_gozag_breadcrumbs, bloody_trog, serial_shops,
          nicolae_shop_statue_plus, nicolae_ossuary_entry_plus,
          grunt_decor_resistance, elyvilon_altar_4
D:5:      kennysheep_big_empty_room
D:6:      basic_altar
D:8:      lair_0_dummy, david_nohive_1, uniq_joseph
D:9:      uniq_erica
D:10:     lemuel_ice_statue, serial_shops, shop, shop_fountains,
          kennysheep_little_box, shop, shop
D:11:     uniq_urug
D:12:     orc_0_dummy, spider_trap, kennysheep_pointless_box,
          minmay_shop_grid_forest, fountainhead, hangedman_decor_opposing
Orc:1:    nicolae_volcano_entry_two_sided
Ossuary:  ossuary_minmay_chase
Volcano:  volcano_grotto

Skill      XL: |  1  2  3  4  5  6  7  8  9 10 11 |
---------------+----------------------------------+-----
Axes           | 3 4 5 6 7 9 11 12 13 15 | 15.3
Fighting       | 5 |  5.8
Armour         | 2 4 |  4.8
Dodging        | |  1.7

Action                   |  1- 3 |  4- 6 |  7- 9 | 10-12 || total
-------------------------+-------+-------+-------+-------++-------
Melee: Hand axe          |    81 |    90 |       |       ||   171
       Headbutt          |     5 |    29 |    25 |    43 ||   102
       War axe           |       |    90 |   104 |       ||   194
       Battleaxe         |       |       |    52 |   223 ||   275
Invok: Berserk           |     1 |     2 |     9 |     8 ||    20
       Trog's Hand       |       |     1 |     2 |     5 ||     8
  Use: Potion            |     1 |       |       |     1 ||     2
       Scroll            |       |     1 |    11 |     2 ||    14
 Stab: Distracted        |       |       |       |     1 ||     1
  Eat: Chunk             |       |     4 |    15 |    11 ||    30
       Pizza             |       |       |       |     1 ||     1
       Beef jerky        |       |       |       |     1 ||     1
Armor: Animal skin       |     4 |       |       |       ||     4
       Scale mail        |    37 |    81 |       |       ||   118
       Plate armour      |       |       |   120 |   153 ||   273
Dodge: Dodged            |    52 |   113 |    66 |    79 ||   310
